TOP OF THE 1ST |
Auburn Doubledays batting - Pitching for West Virginia Black Bears : RHP Xavier Stovall
|
Pitching: RHP Xavier Stovall
|
|
Batting: LHB Vince McLane
|
0-0: Ball 1-0: Foul Ball, location: 2F 1-1: Ball 2-1: Ground out U3 (Groundball, 34S, EV 74.4 MPH)
|
Batting: LHB Adam Lancaster
|
0-0: Ball 1-0: Swinging Strike 1-1: Ground out 4-3 (Groundball, 34, EV 82.5 MPH)
|
Batting: RHB Tylor Cyr
|
0-0: Swinging Strike 0-1: Ball 1-1: Ground out 6-3 (Groundball, 6, EV 101.2 MPH)
|
Top of the 1st over - 0 runs, 0 hits, 0 errors, 0 left on base; Auburn 0 - West Virginia 0 |
BOTTOM OF THE 1ST |
West Virginia Black Bears batting - Pitching for Auburn Doubledays : RHP Josh Wellman
|
Pitching: RHP Josh Wellman
|
|
Batting: SHB Don Hauk
|
0-0: Ball 1-0: Swinging Strike 1-1: Called Strike 1-2: Strikes out swinging
|
Batting: LHB Norm Silveira-Wray
|
0-0: Ball 1-0: Ball 2-0: Foul Ball, location: 2F 2-1: Ground out 4-3 (Groundball, 4, EV 79.4 MPH)
|
Batting: RHB Brandon White
|
0-0: Called Strike 0-1: Ball 1-1: Foul Ball, location: 2F 1-2: Strikes out swinging
|
Bottom of the 1st over - 0 runs, 0 hits, 0 errors, 0 left on base; Auburn 0 - West Virginia 0 |
TOP OF THE 2ND |
Auburn Doubledays batting - Pitching for West Virginia Black Bears : RHP Xavier Stovall
|
Batting: RHB Leo Gutierrez
|
0-0: Ball 1-0: Swinging Strike 1-1: Foul Ball, location: 2F 1-2: Strikes out looking
|
Batting: RHB Er Le
|
0-0: Ball 1-0: Called Strike 1-1: Ball 2-1: Foul Ball, location: 2F 2-2: Strikes out swinging
|
Batting: RHB Steve Bauman
|
0-0: Ball 1-0: SOLO HOME RUN (Line Drive, 7LD, EV 100.6 MPH), Distance : 371 ft
|
Batting: LHB Adam Jacobs
|
0-0: Ball 1-0: Foul Ball, location: 2F 1-1: Ball 2-1: Swinging Strike 2-2: Strikes out looking
|
Top of the 2nd over - 1 run, 1 hit, 0 errors, 0 left on base; Auburn 1 - West Virginia 0 |
BOTTOM OF THE 2ND |
West Virginia Black Bears batting - Pitching for Auburn Doubledays : RHP Josh Wellman
|
Batting: RHB Jeff Edwards
|
0-0: Ball 1-0: Ground out 5-3 (Groundball, 5L, EV 84.4 MPH)
|
Batting: RHB Jaime Dubicki
|
0-0: Called Strike 0-1: Swinging Strike 0-2: Ball 1-2: Ground out 6-3 (Groundball, 56D, EV 103.8 MPH)
|
Batting: RHB Tim Moore
|
0-0: Ball 1-0: Ball 2-0: Swinging Strike 2-1: Called Strike 2-2: Strikes out looking
|
Bottom of the 2nd over - 0 runs, 0 hits, 0 errors, 0 left on base; Auburn 1 - West Virginia 0 |
TOP OF THE 3RD |
Auburn Doubledays batting - Pitching for West Virginia Black Bears : RHP Xavier Stovall
|
Batting: RHB Scott Skoglund
|
0-0: Ball 1-0: Ball 2-0: Ball 3-0: Called Strike 3-1: DOUBLE (Line Drive, 89D, EV 105.0 MPH)
|
Batting: RHB John Gibbs
|
0-0: Ball 1-0: 2-RUN HOME RUN (Line Drive, 7LD, EV 98.1 MPH), Distance : 354 ft
|
Batting: LHB Vince McLane
|
0-0: Ball 1-0: Ground out 4-3 (Groundball, 4, EV 78.8 MPH)
|
Batting: LHB Adam Lancaster
|
0-0: Ball 1-0: Swinging Strike 1-1: Ball 2-1: Called Strike 2-2: Foul Ball, location: 2F 2-2: Ball 3-2: Foul Ball, location: 2F 3-2: Strikes out swinging
|
Batting: RHB Tylor Cyr
|
0-0: Foul Ball, location: 2F 0-1: Ball 1-1: Fly out, F9 (Flyball, 9LS, EV 80.6 MPH)
|
Top of the 3rd over - 2 runs, 2 hits, 0 errors, 0 left on base; Auburn 3 - West Virginia 0 |
BOTTOM OF THE 3RD |
West Virginia Black Bears batting - Pitching for Auburn Doubledays : RHP Josh Wellman
|
Batting: RHB Brian Moore
|
0-0: Called Strike 0-1: Swinging Strike 0-2: Ball 1-2: Ball 2-2: Fly out, F3 (Popup, 3SF, EV 78.8 MPH)
|
Batting: RHB John DeVillier
|
0-0: Ball 1-0: Ball 2-0: Ball 3-0: Called Strike 3-1: Ground out 5-3 (Groundball, 56S, EV 93.8 MPH)
|
Batting: RHB Seung-mun Kim
|
0-0: Ball 1-0: Foul Ball, location: 2F 1-1: Called Strike 1-2: Ball 2-2: Ball 3-2: Fly out, F9 (Line Drive, 89M, EV 94.4 MPH)
|
Bottom of the 3rd over - 0 runs, 0 hits, 0 errors, 0 left on base; Auburn 3 - West Virginia 0 |
TOP OF THE 4TH |
Auburn Doubledays batting - Pitching for West Virginia Black Bears : RHP Xavier Stovall
|
Batting: RHB Leo Gutierrez
|
0-0: Called Strike 0-1: Ball 1-1: SINGLE (Groundball, 6D, EV 93.8 MPH)
|
Batting: RHB Er Le
|
0-0: Foul Ball, location: 2F 0-1: Ball Leo Gutierrez is caught stealing 2nd base 2-4 1-1: Called Strike 1-2: Strikes out swinging
|
Batting: RHB Steve Bauman
|
0-0: Ball 1-0: Ground out 4-3 (Groundball, 34, EV 103.1 MPH)
|
Top of the 4th over - 0 runs, 1 hit, 0 errors, 0 left on base; Auburn 3 - West Virginia 0 |
BOTTOM OF THE 4TH |
West Virginia Black Bears batting - Pitching for Auburn Doubledays : RHP Josh Wellman
|
Batting: SHB Don Hauk
|
0-0: Ball 1-0: Foul Ball, location: 2F 1-1: Ball 2-1: Called Strike 2-2: Ground out 4-3 (Groundball, 4, EV 85.0 MPH)
|
Batting: LHB Norm Silveira-Wray
|
0-0: Swinging Strike 0-1: Foul Ball, location: 2F 0-2: SINGLE (Groundball, 4D, EV 110.0 MPH)
|
Batting: RHB Brandon White
|
0-0: Ball 1-0: Ball Norm Silveira-Wray steals 2nd base 2-0: Foul Ball, location: 2F 2-1: Ball 3-1: Swinging Strike 3-2: Fly out, F6 (Flyball, 6MD, EV 88.8 MPH)
|
Batting: RHB Jeff Edwards
|
0-0: Swinging Strike 0-1: Called Strike 0-2: Foul Ball, location: 2F 0-2: Ball 1-2: SINGLE (Groundball, 6D, EV 106.9 MPH) Norm Silveira-Wray to third Runner from 3rd tries for Home, SAFE, throw by CF to home
|
Batting: RHB Jaime Dubicki
|
0-0: Ball 1-0: Ball 2-0: Foul Ball, location: 2F 2-1: Swinging Strike 2-2: Strikes out swinging
|
Bottom of the 4th over - 1 run, 2 hits, 0 errors, 1 left on base; Auburn 3 - West Virginia 1 |
TOP OF THE 5TH |
Auburn Doubledays batting - Pitching for West Virginia Black Bears : RHP Xavier Stovall
|
Batting: LHB Adam Jacobs
|
0-0: Foul Ball, location: 2F 0-1: Swinging Strike 0-2: Ball 1-2: Strikes out swinging
|
Batting: RHB Scott Skoglund
|
0-0: Fly out, F7 (Flyball, 7S, EV 83.8 MPH)
|
Batting: RHB John Gibbs
|
0-0: Called Strike 0-1: Ground out 5-3 (Groundball, 56, EV 105.0 MPH)
|
Top of the 5th over - 0 runs, 0 hits, 0 errors, 0 left on base; Auburn 3 - West Virginia 1 |
BOTTOM OF THE 5TH |
West Virginia Black Bears batting - Pitching for Auburn Doubledays : RHP Josh Wellman
|
Batting: RHB Tim Moore
|
0-0: Called Strike 0-1: Ball 1-1: Ball 2-1: SINGLE (Groundball, 6D, EV 106.2 MPH)
|
Batting: RHB Brian Moore
|
0-0: Ball 1-0: Foul Ball, location: 2F 1-1: Ground out 4-3 (Groundball, 34, EV 80.6 MPH) Tim Moore to second
|
Batting: RHB John DeVillier
|
0-0: Foul Ball, location: 2F 0-1: Ground out U3 (Groundball, 34, EV 96.9 MPH) Tim Moore to third
|
Batting: RHB Seung-mun Kim
|
0-0: Hit by Pitch
|
Batting: SHB Don Hauk
|
0-0: Ball 1-0: Ball 2-0: Called Strike 2-1: Ball 3-1: Ground out 4-3 (Groundball, 4, EV 102.5 MPH)
|
Bottom of the 5th over - 0 runs, 1 hit, 0 errors, 2 left on base; Auburn 3 - West Virginia 1 |
TOP OF THE 6TH |
Auburn Doubledays batting - Pitching for West Virginia Black Bears : RHP Xavier Stovall
|
Batting: LHB Vince McLane
|
0-0: Ground out 4-3 (Groundball, 4, EV 85.6 MPH)
|
Batting: LHB Adam Lancaster
|
0-0: Called Strike 0-1: Ground out U3 (Groundball, 3, EV 85.0 MPH)
|
Batting: RHB Tylor Cyr
|
0-0: Called Strike 0-1: Foul Ball, location: 2F 0-2: Ball 1-2: Ground out 5-3 (Groundball, 56S, EV 89.4 MPH)
|
Top of the 6th over - 0 runs, 0 hits, 0 errors, 0 left on base; Auburn 3 - West Virginia 1 |
BOTTOM OF THE 6TH |
West Virginia Black Bears batting - Pitching for Auburn Doubledays : RHP Josh Wellman
|
Batting: LHB Norm Silveira-Wray
|
0-0: Ball 1-0: Ball 2-0: Ground out 5-3 (Groundball, 56, EV 84.4 MPH)
|
Pitching: RHP Brent Wainwright
|
|
Batting: RHB Brandon White
|
0-0: Foul Ball, location: 2F 0-1: Ball 1-1: Called Strike 1-2: Fly out, F9 (Flyball, 9S, EV 94.4 MPH)
|
Batting: RHB Jeff Edwards
|
0-0: Ground out 6-3 (Groundball, 6, EV 102.5 MPH)
|
Bottom of the 6th over - 0 runs, 0 hits, 0 errors, 0 left on base; Auburn 3 - West Virginia 1 |
TOP OF THE 7TH |
Auburn Doubledays batting - Pitching for West Virginia Black Bears : RHP Xavier Stovall
|
Pitching: RHP Frank Morris
|
|
Batting: RHB Leo Gutierrez
|
0-0: Foul Ball, location: 2F 0-1: Foul Ball, location: 2F 0-2: Foul Ball, location: 2F 0-2: Ball 1-2: Ball 2-2: Foul Ball, location: 2F 2-2: Ball 3-2: Fly out, F8 (Line Drive, 8RM, EV 86.9 MPH)
|
Batting: RHB Er Le
|
0-0: Ball 1-0: Ball 2-0: Ground out 6-3 (Groundball, 6MS, EV 90.6 MPH)
|
Batting: RHB Steve Bauman
|
0-0: Called Strike 0-1: Ball 1-1: Swinging Strike 1-2: Strikes out looking
|
Top of the 7th over - 0 runs, 0 hits, 0 errors, 0 left on base; Auburn 3 - West Virginia 1 |
BOTTOM OF THE 7TH |
West Virginia Black Bears batting - Pitching for Auburn Doubledays : RHP Brent Wainwright
|
Batting: RHB Jaime Dubicki
|
0-0: Ball 1-0: Reached on error, E6 (Line Drive, 6, EV 69.4 MPH)
|
Batting: RHB Tim Moore
|
0-0: SINGLE (Groundball, 56, EV 99.4 MPH) (infield hit) Jaime Dubicki to second
|
Batting: RHB Brian Moore
|
0-0: Fielders Choice at 2nd, 4-6 (Groundball, 4M, EV 106.9 MPH) Jaime Dubicki to third
|
Batting: RHB John DeVillier
|
0-0: Ball 1-0: Called Strike 1-1: Ball 2-1: Ball 3-1: Called Strike 3-2: Strikes out swinging
|
Batting: RHB Seung-mun Kim
|
0-0: SINGLE (Groundball, 6MD, EV 104.4 MPH) Jaime Dubicki scores Brian Moore to second
|
Batting: SHB Don Hauk
|
0-0: Fly out, F4 (Line Drive, 4, EV 70.0 MPH)
|
Bottom of the 7th over - 1 run, 2 hits, 1 error, 2 left on base; Auburn 3 - West Virginia 2 |
TOP OF THE 8TH |
Auburn Doubledays batting - Pitching for West Virginia Black Bears : RHP Frank Morris
|
Batting: LHB Adam Jacobs
|
0-0: Swinging Strike 0-1: Ball 1-1: Foul Ball, location: 2F 1-2: Foul Ball, location: 2F 1-2: Foul Ball, location: 2F 1-2: Foul Ball, location: 2F 1-2: Ball 2-2: Ball 3-2: Fly out, F8 (Flyball, 8LM, EV 95.0 MPH)
|
Pitching: RHP Nick Lockwood
|
|
Batting: RHB Scott Skoglund
|
0-0: Ground out 5-3 (Groundball, 56D, EV 90.0 MPH)
|
Batting: RHB John Gibbs
|
0-0: Ball 1-0: Fly out, F8 (Line Drive, 8RM, EV 90.6 MPH)
|
Top of the 8th over - 0 runs, 0 hits, 0 errors, 0 left on base; Auburn 3 - West Virginia 2 |
BOTTOM OF THE 8TH |
West Virginia Black Bears batting - Pitching for Auburn Doubledays : RHP Brent Wainwright
|
Batting: LHB Norm Silveira-Wray
|
0-0: Foul Ball, location: 2F 0-1: Called Strike 0-2: Ball 1-2: Ball 2-2: Ball 3-2: Base on Balls
|
Batting: RHB Brandon White
|
0-0: Ball 1-0: Ball 2-0: Foul Ball, location: 2F 2-1: Ball 3-1: Foul Ball, location: 2F 3-2: Fly out, F8 (Line Drive, 89M, EV 104.4 MPH)
|
Batting: RHB Jeff Edwards
|
0-0: Ball 1-0: Foul Ball, location: 2F 1-1: Ball 2-1: Ball 3-1: Called Strike 3-2: SINGLE (Groundball, 56D, EV 100.6 MPH) Norm Silveira-Wray to second
|
Pitching: RHP Oswaldo Vasquez
|
|
Batting: RHB Jaime Dubicki
|
0-0: Called Strike 0-1: Swinging Strike 0-2: Ball 1-2: Strikes out swinging
|
Batting: RHB Tim Moore
|
0-0: Ball 1-0: Ball 2-0: Ball 3-0: Base on Balls Norm Silveira-Wray to third Jeff Edwards to second
|
Batting: RHB Brian Moore
|
0-0: Foul Ball, location: 2F 0-1: Ball 1-1: Ground out 3-1 (Groundball, 34, EV 85.0 MPH)
|
Bottom of the 8th over - 0 runs, 1 hit, 0 errors, 3 left on base; Auburn 3 - West Virginia 2 |
TOP OF THE 9TH |
Auburn Doubledays batting - Pitching for West Virginia Black Bears : RHP Nick Lockwood
|
Batting: LHB Vince McLane
|
0-0: Ground out 4-3 (Groundball, 4, EV 84.4 MPH)
|
Batting: LHB Adam Lancaster
|
0-0: Ball 1-0: Ball 2-0: Called Strike 2-1: Ball 3-1: Foul Ball, location: 2F 3-2: Foul Ball, location: 2F 3-2: Strikes out swinging
|
Batting: RHB Tylor Cyr
|
0-0: Ball 1-0: Ball 2-0: Ground out 6-3 (Groundball, 6, EV 85.0 MPH)
|
Top of the 9th over - 0 runs, 0 hits, 0 errors, 0 left on base; Auburn 3 - West Virginia 2 |
BOTTOM OF THE 9TH |
West Virginia Black Bears batting - Pitching for Auburn Doubledays : RHP Oswaldo Vasquez
|
Batting: RHB John DeVillier
|
0-0: Called Strike 0-1: Foul Ball, location: 2F 0-2: Foul Ball, location: 2F 0-2: Foul Ball, location: 2F 0-2: Foul Ball, location: 2F 0-2: SINGLE (Groundball, 56D, EV 110.6 MPH)
|
Batting: RHB Seung-mun Kim
|
0-0: Ball 1-0: Called Strike 1-1: Foul Ball, location: 2F 1-2: Strikes out swinging
|
Batting: SHB Don Hauk
|
0-0: Swinging Strike 0-1: Foul Ball, location: 2F 0-2: Ball 1-2: Ball 2-2: Strikes out swinging
|
Batting: LHB Norm Silveira-Wray
|
0-0: Swinging Strike 0-1: Called Strike 0-2: Foul Ball, location: 2F 0-2: Ball 1-2: Strikes out swinging
|
Bottom of the 9th over - 0 runs, 1 hit, 0 errors, 1 left on base; Auburn 3 - West Virginia 2 |
|